 Dungeon Sprint DCSS version 0.19-a0-1401-g902f63d (webtiles) character file.

108 Leszczynek the Skirmisher (level 4, -2/57 HPs)
             Began as an Ogre Hunter on Sept 4, 2016.
             Slain by a demonic crawler (6 damage)
             ... summoned by a deep elf mage
             ... in the Dungeon (Sprint III: "The Ten Rune Challenge").
             The game lasted 00:02:51 (522 turns).

Leszczynek the Skirmisher (Ogre Hunter)              Turns: 522, Time: 00:02:52

Health: -2/57      AC:  4    Str: 15    XL:     4   Next: 87%
Magic:  1/4        EV: 10    Int:  8    God:
Gold:   17         SH:  0    Dex: 11    Spells: 0 memorised, 3 levels left

rFire  . . .     SeeInvis .     l - +2 quarterstaff (chaos)
rCold  . . .     Gourm    .     b - +0 robe
rNeg   . . .     Faith    .     (shield currently unavailable)
rPois  .         Spirit   .     (helmet restricted)
rElec  .         Dismiss  .     p - +0 cloak
rCorr  .         Reflect  .     (gloves unavailable)
MR     .....     Harm     .     (boots unavailable)
Stlth  +......... Rnd*Rage +    (no amulet) NoTele +
                                (no ring)
                                (no ring)

@: drained
A: unfitting armour, berserk 1, dopey 1, regeneration 1, tough skin 1, weak 1,
sturdy frame 1
a: no special abilities


You were in the Dungeon.
You were not hungry.

You visited 1 branch You collected 17 gold pieces.

Inventory:

Hand Weapons
 a - a +0 short sword
 l - a +2 quarterstaff of chaos (weapon)
 n - a +0 whip
Missiles
 d - 2 throwing nets (quivered)
Armour
 b - a +0 robe (worn)
 p - a +0 cloak (worn)
Scrolls
 k - a scroll of blinking
 r - a scroll of torment {unknown}
 s - a scroll of recharging {unknown}
 t - 3 scrolls of remove curse
 x - a scroll of immolation {unknown}
 y - a scroll of identify {unknown}
Potions
 e - 2 potions of curing
 h - a potion of haste
 i - 2 potions of magic
 v - 2 potions of cure mutation
 w - 3 potions of flight
 z - a potion of ambrosia {unknown}
Comestibles
 f - a bread ration
 m - a beef jerky
 o - 4 chunks of flesh
 u - 2 royal jellies


   Skills:
 - Level 7.8(7.4) Fighting
 - Level 5.4(5.0) Maces & Flails
 + Level 7.0(6.6) Throwing
 - Level 1.7(1.4) Dodging
 - Level 0.7(0.4) Stealth


You had 3 spell levels left.
You didn't know any spells.

Dungeon Overview and Level Annotations

Branches:
Dungeon (1/1)

Altars:
Elyvilon
Zin
The Shining One


Innate Abilities, Weirdness & Mutations

You are too large for most types of armour.
You have tough skin. (AC +1)
You tend to lose your temper in combat.
You are dopey. (Int -2)
Your natural rate of healing is unusually fast.
You are weak. (Str -2)
Your movements are slightly less encumbered by armour. (ER -2)


Message History

Aim: a deep elf mage, wielding a long sword of holy wrath You throw a large rock.
The large rock hits the deep elf mage!!
The deep elf mage is severely wounded.
The chaos spawn hits you but does no damage.
The deep elf mage mumbles some strange words.
The tarantella bites you. The chaos spawn hits you. The chaos spawn shocks you!
Unknown command.
Throwing (i - inventory. (,) - cycle):
c - a large rock (quivered)
Press: ? - help, Shift-Dir - straight line, f/p - deep elf mage
Aim: a deep elf mage, wielding a long sword of holy wrath (severely wounded)
You throw a large rock.
The large rock barely misses the deep elf mage.
The tarantella bites you!
The deep elf mage hits you with a long sword of holy wrath.
* * * LOW HITPOINT WARNING * * *
The demonic crawler hits you but does no damage.
The demonic crawler hits you!
* * * LOW HITPOINT WARNING * * *
The demonic crawler hits you.
You die...

▓▓▓▓▓▓▓ ▓▓▓ .'....♣♣♣
♣.##### .#......♣
♣.#_sr# ##......♣
♣.#res#
.#....≈♣♣♣♣♣.###@#+###+
.#...≈≈...♣..#..s4......
.#..≈≈≈≈♣♣...'.⌠........
'#..≈≈≈≈≈≈♣♣.#...######+
.#.≈≈≈≈≈≈....#.⌠.#
.#.≈≈≈≈≈.....#...#
.#.≈≈≈.......#+###
##...........#
.............#


You could see a demonic crawler, a deep elf mage, a chaos spawn, a tarantella, a
redback and 2 hell rats.

Vanquished Creatures
  A water elemental (D)
  Crazy Yiuf (D)
  A human (D)
  An ooze (D)
  3 rats (D)
7 creatures vanquished.

Vanquished Creatures (others)
  2 draconian scorchers (D)
  6 hellions (D)
  A yaktaur (D)
9 creatures vanquished.

Grand Total: 16 creatures vanquished

Notes
Turn   | Place    | Note
-------+----------+-------------------------------------------
     0 | D        | Leszczynek the Ogre Hunter began the quest for the Orb.
     0 | D        | Reached XP level 1. HP: 22/22 MP: 1/1
     6 | D        | Reached skill level 5 in Throwing
    24 | D        | Reached XP level 2. HP: 29/29 MP: 2/2
    39 | D        | Killed a yaktaur
    51 | D        | Killed a hellion
    64 | D        | HP: 1/29 [human (10)]
    66 | D        | Reached skill level 5 in Maces & Flails
    66 | D        | Reached XP level 3. HP: 2/36 MP: 3/3
    87 | D        | Killed a hellion
    95 | D        | Killed a hellion
    95 | D        | Killed a hellion
    96 | D        | Killed a hellion
   137 | D        | Killed a hellion
   165 | D        | Killed a white draconian scorcher
   169 | D        | Killed a white draconian scorcher
   353 | D        | Noticed Crazy Yiuf
   363 | D        | Killed Crazy Yiuf
   363 | D        | Reached skill level 7 in Throwing
   427 | D        | Noticed a water elemental
   432 | D        | Gained mutation: You are dopey. (Int -2) [potion of mutation]
   432 | D        | Gained mutation: Your natural rate of healing is unusually fast. [potion of mutation]
   432 | D        | Gained mutation: You are weak. (Str -2) [potion of mutation]
   435 | D        | Killed a water elemental
   435 | D        | Reached skill level 7 in Fighting
   435 | D        | Reached XP level 4. HP: 19/57 MP: 4/4
   505 | D        | Gained mutation: Your movements are slightly less encumbered by armour. (ER -2) [potion of mutation]
   505 | D        | Gained mutation: You tend to lose your temper in combat. [potion of mutation]
   515 | D        | Found a glowing silver altar of Zin.
   516 | D        | Found a glowing golden altar of the Shining One.
   516 | D        | Found a white marble altar of Elyvilon.
   516 | D        | Noticed a deep elf mage
   518 | D        | Noticed a chaos spawn
   521 | D        | Noticed a tarantella
   522 | D        | Noticed a demonic crawler
   522 | D        | Noticed a redback
   522 | D        | HP: 4/57 [demonic crawler[a deep elf mage] (10)]
   522 | D        | Slain by a demonic crawler

Vault maps used:
D:        dungeon_sprint_mu

Skill      XL: |  1  2  3 |
---------------+----------+-----
Throwing       | 5 7 |  7.0
Maces & Flails | 5 |  5.4
Fighting       | 7 |  7.8
Dodging        | |  1.7
Stealth        | |  0.7

Action                   |  1- 3 |  4- 6 || total
-------------------------+-------+-------++-------
Melee: Short sword       |     8 |       ||     8
       Whip              |     5 |       ||     5
       Quarterstaff      |     2 |       ||     2
Throw: Large rock        |     8 |     5 ||    13
  Use: Potion            |     2 |     2 ||     4
 Stab: Sleeping          |     1 |       ||     1
Armor: Robe              |     1 |     2 ||     3
Dodge: Dodged            |    12 |     2 ||    14
